 Dungeon Sprint DCSS version 0.29.1-15-g9cfb28693d (webtiles) character file.

Game seed: 141266573011369357

3300000 Nonny the Formicid Barricade (level 20, -32/197 HPs)
             Began as a Formicid Fighter on Feb 26, 2023.
             Was the Champion of Makhleb.
             Annihilated by a destroyer
             ... wielding a +9 vorpal great sword
              (36 damage)
             ... in the Dungeon (Sprint VIII: "Arena of Blood").
             The game lasted 00:00:48 (33 turns).

Nonny the Formicid Barricade (Formicid Fighter)       Turns: 33, Time: 00:00:48

Health: -32/197    AC: 13    Str: 21    XL:     20   Next: 57%
Magic:  19/32      EV: 15    Int: 11    God:    Makhleb [******]
Gold:   0          SH: 12    Dex: 19    Spells: 36/36 levels left

rFire   . . .      SeeInvis +   g - +∞ Axe of Woe
rCold   . . .      Faith    .   b - +0 buckler
rNeg    . . .      Spirit   .   a - +0 scale mail
rPois   .          Reflect  .   (helmet unavailable)
rElec   .          Harm     .   (no cloak)
rCorr   .          Rampage  .   (no gloves)
Will    ++...                   (no boots)
Stlth   ++++......              (no amulet)
HPRegen 0.42/turn               (no ring)
MPRegen 0.23/turn               (no ring)

@: no status effects
A: permanent stasis, dig shafts and tunnels, antennae 3, four strong arms
a: Dig, Renounce Religion, Minor Destruction, Lesser Servant of Makhleb, Major
Destruction, Greater Servant of Makhleb


You were in the Dungeon.
You worshipped Makhleb.
Makhleb was exalted by your worship.
You visited 1 branch

Inventory:

Hand Weapons
 g - the +∞ Axe of Woe (weapon)
   (You found it in the Dungeon)
Armour
 a - a +0 scale mail (worn)
 b - a +0 buckler (worn)
Potions
 c - a potion of might
 d - a potion of curing
 e - a potion of heal wounds
 f - 2 potions of magic


   Skills:
 O Level 27 Fighting
 + Level 8.5(10.2) Short Blades
 + Level 8.5(10.2) Long Blades
 O Level 27 Axes
 + Level 8.6(20.2) Maces & Flails
 + Level 8.5(20.2) Polearms
 + Level 8.5(11.5) Staves
 + Level 8.6 Ranged Weapons
 + Level 8.5 Throwing
 O Level 27 Armour
 + Level 7.8 Dodging
 + Level 11.1 Stealth
 O Level 27 Shields
 O Level 27 Unarmed Combat
 + Level 8.6 Spellcasting
 + Level 7.8 Conjurations
 + Level 11.4 Hexes
 + Level 8.5 Summonings
 + Level 8.6 Necromancy
 + Level 7.8 Translocations
 + Level 9.4 Transmutations
 + Level 9.6 Fire Magic
 + Level 9.6 Ice Magic
 + Level 8.0 Air Magic
 + Level 11.4 Earth Magic
 + Level 12.3 Poison Magic
 + Level 11.4 Invocations
 + Level 10.5 Evocations


You had 36 spell levels left.
You didn't know any spells.
Your spell library was empty.

Dungeon Overview and Level Annotations

Branches:
Dungeon (1/1)

Altars:
Makhleb


Innate Abilities, Weirdness & Mutations

You cannot be hasted, slowed, berserked, paralysed or teleported.
You can dig through walls and to a lower floor.
You have a pair of large antennae on your head. (SInv)
Your four strong arms can wield two-handed weapons with a shield.


Message History

The destroyer points at you and mumbles some strange words.
The destroyer blinks!
The destroyer casts a spell at you.
The destroyer blinks!
You hear a shout! x3
A bag of meat comes into view. It is wielding a +9 war axe.
You hear a shout!
A bag of meat comes into view. It is wielding a +9 war axe.
You hear a shout! x2
Your base Short Blades skill increases to level 8!
Your base Long Blades skill increases to level 8!
Your base Maces & Flails skill increases to level 8!
Your base Polearms skill increases to level 8!
Your base Staves skill increases to level 8!
Your Ranged Weapons skill increases to level 8!
Your Throwing skill increases to level 8!
Your Stealth skill increases to level 11!
Your Spellcasting skill increases to level 8!
Your Hexes skill increases to level 11!
Your Summonings skill increases to level 8!
Your Necromancy skill increases to level 8!
Your Transmutations skill increases to level 9!
Your Fire Magic skill increases to level 9!
Your Ice Magic skill increases to level 9!
Your Air Magic skill increases to level 8!
Your Earth Magic skill increases to level 11!
Your Poison Magic skill increases to level 12!
Your Invocations skill increases to level 11!
Your Evocations skill increases to level 10!
A large bag of meat and a bag of meat come into view.
The destroyer appears out of thin air!
A destroyer comes into view. It is wielding a +9 vorpal great sword.
The large bag of meat shouts in stereo!
You hear a shout! x4
The meat berserker rages.
You hear a shout!
The bag of meat is engulfed in blazing flames.
The destroyer hits you with a +9 vorpal great sword!!!!!
Ouch! That really hurt!
* * * LOW HITPOINT WARNING * * *
You die...

.. .. #o. ..#
#.. O.# .###§.
.V###.
......###......
....o.§§§......
....#.§°.o#....
. {#_Vo§_# { .
#.)@)O#
......._V......
......###.V....
o###.. ..###.
#.. .§# { #..
..# o§ .. oO ..


You could see 4 destroyers, a large bag of meat (inner flame), 2 meat berserkers
and 7 bags of meat.

Vanquished Creatures
  11 ogres (D)
  A two-headed ogre (D)
  15 orcs (D)
27 creatures vanquished.

Notes
Turn   | Place    | Note
-------+----------+-------------------------------------------
     0 | D        | Found the +∞ Axe of Woe
     0 | D        | Nonny the Formicid Fighter began the quest for the Orb.
     0 | D        | Reached XP level 1. HP: 18/18 MP: 1/1
     1 | D        | Noticed a bag of meat
     3 | D        | Became a worshipper of Makhleb the Destroyer
     3 | D        | Noticed a meat berserker
     4 | D        | Noticed a bag of meat
     5 | D        | Noticed a bag of meat
     5 | D        | Noticed a bag of meat
     5 | D        | Noticed a meat berserker
     5 | D        | Noticed a bag of meat
     6 | D        | Noticed a bag of meat
     7 | D        | Killed a meat berserker
     8 | D        | Reached XP level 2. HP: 49/49 MP: 2/2
     8 | D        | Reached XP level 3. HP: 55/55 MP: 3/3
     8 | D        | Reached XP level 4. HP: 63/63 MP: 4/4
     8 | D        | Reached XP level 5. HP: 69/69 MP: 5/5
     8 | D        | Reached XP level 6. HP: 76/76 MP: 6/6
     8 | D        | Reached XP level 7. HP: 83/83 MP: 7/7
     8 | D        | Reached XP level 8. HP: 90/90 MP: 8/8
     8 | D        | Reached XP level 9. HP: 96/96 MP: 9/9
     8 | D        | Reached XP level 10. HP: 104/104 MP: 10/10
     8 | D        | Reached XP level 11. HP: 110/110 MP: 11/11
     8 | D        | Reached XP level 12. HP: 117/117 MP: 12/12
     8 | D        | Killed a meat berserker
     8 | D        | Reached * piety under Makhleb
     8 | D        | Noticed a meat berserker
     9 | D        | Reached skill level 5 in Axes
     9 | D        | Reached skill level 10 in Unarmed Combat
     9 | D        | Reached XP level 13. HP: 130/130 MP: 13/13
     9 | D        | Noticed a bag of meat
    10 | D        | Killed a bag of meat
    10 | D        | Killed a bag of meat
    10 | D        | Killed a bag of meat
    10 | D        | Reached ** piety under Makhleb
    10 | D        | Noticed a meat berserker
    11 | D        | Reached XP level 14. HP: 144/144 MP: 14/14
    11 | D        | Killed a bag of meat
    11 | D        | Noticed a bag of meat
    11 | D        | Noticed a bag of meat
    12 | D        | Reached skill level 10 in Axes
    12 | D        | Reached XP level 15. HP: 126/153 MP: 15/15
    12 | D        | Killed a meat berserker
    12 | D        | Reached *** piety under Makhleb
    13 | D        | Reached skill level 27 in Fighting
    13 | D        | Reached skill level 15 in Axes
    13 | D        | Reached skill level 27 in Shields
    13 | D        | Reached XP level 16. HP: 167/167 MP: 16/16
    13 | D        | Killed a meat berserker
    14 | D        | Reached skill level 27 in Armour
    14 | D        | Reached skill level 15 in Unarmed Combat
    14 | D        | Noticed a meat berserker
    14 | D        | Noticed a meat berserker
    17 | D        | Reached **** piety under Makhleb
    17 | D        | Noticed a meat berserker
    18 | D        | Reached XP level 17. HP: 174/174 MP: 17/17
    18 | D        | Killed a meat berserker
    19 | D        | Killed a meat berserker
    19 | D        | Noticed a meat berserker
    20 | D        | Reached skill level 27 in Axes
    20 | D        | Noticed a meat berserker
    21 | D        | Killed a meat berserker
    21 | D        | Reached ***** piety under Makhleb
    22 | D        | Reached XP level 18. HP: 182/182 MP: 18/18
    22 | D        | Noticed a destroyer
    23 | D        | Reached skill level 27 in Unarmed Combat
    23 | D        | Noticed a large bag of meat
    24 | D        | Killed a meat berserker
    25 | D        | Reached skill level 5 in Stealth
    25 | D        | Reached skill level 5 in Fire Magic
    25 | D        | Reached skill level 5 in Ice Magic
    25 | D        | Reached skill level 5 in Evocations
    25 | D        | Reached XP level 19. HP: 189/189 MP: 18/25
    25 | D        | Noticed a meat berserker
    26 | D        | Reached skill level 5 in Spellcasting
    26 | D        | Reached skill level 5 in Necromancy
    26 | D        | Reached skill level 5 in Transmutations
    26 | D        | Killed a meat berserker
    26 | D        | Reached ****** piety under Makhleb
    27 | D        | Reached skill level 5 in Short Blades
    27 | D        | Reached skill level 5 in Long Blades
    27 | D        | Reached skill level 5 in Maces & Flails
    27 | D        | Reached skill level 5 in Polearms
    27 | D        | Reached skill level 5 in Staves
    27 | D        | Reached skill level 5 in Ranged Weapons
    27 | D        | Reached skill level 5 in Throwing
    27 | D        | Reached skill level 5 in Dodging
    27 | D        | Reached skill level 5 in Conjurations
    27 | D        | Reached skill level 5 in Summonings
    27 | D        | Reached skill level 5 in Translocations
    27 | D        | Reached skill level 5 in Air Magic
    27 | D        | Noticed a meat berserker
    27 | D        | Noticed a destroyer
    29 | D        | Killed a meat berserker
    29 | D        | Noticed a meat berserker
    30 | D        | Reached skill level 10 in Poison Magic
    30 | D        | Noticed a destroyer
    31 | D        | Killed a large bag of meat
    31 | D        | Noticed a meat berserker
    32 | D        | Reached skill level 10 in Stealth
    32 | D        | Reached skill level 10 in Hexes
    32 | D        | Reached skill level 10 in Earth Magic
    32 | D        | Reached skill level 10 in Invocations
    32 | D        | Reached XP level 20. HP: 175/197 MP: 19/31
    32 | D        | Killed a meat berserker
    33 | D        | Reached skill level 10 in Evocations
    33 | D        | Noticed a large bag of meat
    33 | D        | HP: 4/197 [destroyer/+9 vorpal great sword (185)]
    33 | D        | Annihilated by a destroyer

Illustrated notes

Levels and vault maps discovered:
D:        meatsprint

Skill      XL: |  1  2  3  4  5  6  7  8  9 10 11 12 13 14 15 16 17 18 19 20 |
---------------+-------------------------------------------------------------+-----
Fighting       | 18 21 23 24 27 | 27.0
Axes           | 4 5 9 10 15 22 27 | 27.0
Armour         | 18 20 22 23 26 27 | 27.0
Shields        | 20 23 26 27 | 27.0
Unarmed Combat | 9 10 11 12 13 16 26 27 | 27.0
Short Blades   | 4 7 8 |  8.5
Long Blades    | 4 7 8 |  8.5
Maces & Flails | 4 7 8 |  8.6
Polearms       | 4 7 8 |  8.5
Staves         | 4 7 8 |  8.5
Ranged Weapons | 4 7 8 |  8.6
Throwing       | 4 7 8 |  8.5
Dodging        | 4 7 |  7.8
Stealth        | 5 10 11 | 11.1
Spellcasting   | 4 7 8 |  8.6
Conjurations   | 4 7 |  7.8
Hexes          | 6 10 11 | 11.4
Summonings     | 4 7 8 |  8.5
Necromancy     | 4 7 8 |  8.6
Translocations | 4 7 |  7.8
Transmutations | 4 8 9 |  9.4
Fire Magic     | 5 8 9 |  9.6
Ice Magic      | 5 8 9 |  9.6
Air Magic      | 4 7 8 |  8.0
Earth Magic    | 6 10 11 | 11.4
Poison Magic   | 6 11 12 | 12.3
Invocations    | 6 10 11 | 11.4
Evocations     | 5 9 10 | 10.5

Action                   |  1- 3 |  4- 6 |  7- 9 | 10-12 | 13-15 | 16-18 | 19-21 || total
-------------------------+-------+-------+-------+-------+-------+-------+-------++-------
Melee: Executioner's axe |     1 |       |       |     1 |     3 |     7 |     5 ||    17
Block: Buckler           |       |       |       |       |     1 |       |       ||     1
